TOP OF THE 1ST |
Montgomery Biscuits batting - Pitching for Santa Fe Diablos : RHP Clarence Allen
|
Pitching: RHP Clarence Allen
|
|
Batting: RHB Gabriel Miranda
|
0-0: Ball 1-0: SINGLE (Groundball, 6MD)
|
Batting: RHB Manny Sánchez
|
0-0: Called Strike 0-1: Foul Ball, location: 2F 0-2: Strikes out swinging
|
Batting: SHB Andrew Curran
|
0-0: SINGLE (Groundball, 34D) Gabriel Miranda to second Runner from 2nd tries for 3rd, SAFE, no throw or cutoff
|
Batting: RHB Pete Smith
|
0-0: Foul Ball, location: 2F 0-1: Swinging Strike 0-2: Ball 1-2: Strikes out looking
|
Batting: RHB Jean-Paul St-Pierre
|
0-0: Swinging Strike 0-1: Swinging Strike 0-2: Foul Ball, location: 2F 0-2: Foul Ball, location: 2F 0-2: Strikes out swinging
|
Top of the 1st over - 0 run(s), 2 hit(s), 0 error(s), 2 left on base; Montgomery 0 - Santa Fe 0 |
BOTTOM OF THE 1ST |
Santa Fe Diablos batting - Pitching for Montgomery Biscuits : RHP César Morín
|
Pitching: RHP César Morín
|
|
Batting: RHB Emílio Bruno
|
0-0: Called Strike 0-1: Called Strike 0-2: SINGLE (Line Drive, 56)
|
Batting: RHB Robinson Pacheco
|
0-0: Ball 1-0: Grounds into double play, 5-4-3 (Groundball, 56)
|
Batting: RHB Wallace Greene
|
0-0: Called Strike 0-1: Swinging Strike 0-2: Ball 1-2: Foul Ball, location: 2F 1-2: Reached on error, E6 (Groundball, 6)
|
Batting: SHB António Hernández
|
0-0: Ball Wallace Greene steals 2nd base 1-0: Fly out, F8 (Line Drive, 8LM)
|
Bottom of the 1st over - 0 run(s), 1 hit(s), 1 error(s), 1 left on base; Montgomery 0 - Santa Fe 0 |
TOP OF THE 2ND |
Montgomery Biscuits batting - Pitching for Santa Fe Diablos : RHP Clarence Allen
|
Batting: RHB Vicente Carona
|
0-0: Ball 1-0: Foul Ball, location: 2F 1-1: Ball 2-1: Foul Ball, location: 2F 2-2: Fly out, F6 (Line Drive, 6M)
|
Batting: RHB Dave Williams
|
0-0: Called Strike 0-1: Ground out 6-3 (Groundball, 56)
|
Batting: RHB Larry Mitchell
|
0-0: Ball 1-0: SINGLE (Flyball, 8RS)
|
Batting: RHB Collin Smith
|
0-0: Ball 1-0: Foul Ball, location: 2F 1-1: Ball 2-1: Ball 3-1: Foul Ball, location: 2F 3-2: Foul Ball, location: 2F 3-2: Foul Ball, location: 2F 3-2: Strikes out looking
|
Top of the 2nd over - 0 run(s), 1 hit(s), 0 error(s), 1 left on base; Montgomery 0 - Santa Fe 0 |
BOTTOM OF THE 2ND |
Santa Fe Diablos batting - Pitching for Montgomery Biscuits : RHP César Morín
|
Batting: RHB Carl Martin
|
0-0: Foul Ball, location: 2F 0-1: Ball 1-1: Called Strike 1-2: Ball 2-2: Ball 3-2: Base on Balls
|
Batting: RHB Júlio López
|
0-0: Ball 1-0: Grounds into double play, 6-4-3 (Groundball, 6)
|
Batting: LHB Don Soper
|
0-0: Ball 1-0: SINGLE (Groundball, 4MD)
|
Batting: RHB Richard Wilkins
|
0-0: Swinging Strike 0-1: Ball 1-1: Swinging Strike 1-2: Strikes out swinging
|
Bottom of the 2nd over - 0 run(s), 1 hit(s), 0 error(s), 1 left on base; Montgomery 0 - Santa Fe 0 |
TOP OF THE 3RD |
Montgomery Biscuits batting - Pitching for Santa Fe Diablos : RHP Clarence Allen
|
Batting: RHB Gabriel Miranda
|
0-0: Called Strike 0-1: Ball 1-1: Foul Ball, location: 2F 1-2: Ball 2-2: Foul Ball, location: 2F 2-2: Ball 3-2: Ground out 4-3 (Groundball, 4M)
|
Batting: RHB Manny Sánchez
|
0-0: Ball 1-0: Ball 2-0: Ball 3-0: Base on Balls
|
Batting: SHB Andrew Curran
|
0-0: Ball 1-0: Foul Ball, location: 2F 1-1: Ball 2-1: SINGLE (Groundball, 34) Manny Sánchez to second Runner from 2nd tries for 3rd, SAFE, throw made to third Andrew Curran to second
|
Batting: RHB Pete Smith
|
0-0: Called Strike 0-1: Called Strike 0-2: Ball 1-2: Strikes out looking
|
Batting: RHB Jean-Paul St-Pierre
|
0-0: SINGLE (Line Drive, 6D) Manny Sánchez scores Andrew Curran to third Runner from 3rd tries for Home, SAFE, no throw or cutoff
|
Batting: RHB Vicente Carona
|
0-0: Called Strike 0-1: Ball 1-1: Ball 2-1: Called Strike 2-2: Ball 3-2: DOUBLE (Line Drive, 7LS) Jean-Paul St-Pierre to third Jean-Paul St-Pierre scores
|
Batting: RHB Dave Williams
|
0-0: Swinging Strike 0-1: Ball 1-1: Called Strike 1-2: Strikes out swinging
|
Top of the 3rd over - 3 run(s), 3 hit(s), 0 error(s), 1 left on base; Montgomery 3 - Santa Fe 0 |
BOTTOM OF THE 3RD |
Santa Fe Diablos batting - Pitching for Montgomery Biscuits : RHP César Morín
|
Batting: RHB Jorge Rodríguez
|
0-0: Ball 1-0: Ball 2-0: Ball 3-0: Called Strike 3-1: Called Strike 3-2: Base on Balls
|
Batting: RHB Emílio Bruno
|
0-0: Swinging Strike 0-1: Ground out 4-3 (Groundball, 34S) Jorge Rodríguez to second
|
Batting: RHB Robinson Pacheco
|
0-0: Ball 1-0: Ball 2-0: Swinging Strike 2-1: Foul Ball, location: 2F 2-2: Foul Ball, location: 2F 2-2: Strikes out swinging
|
Batting: RHB Wallace Greene
|
0-0: Ground out 6-3 (Groundball, 6)
|
Bottom of the 3rd over - 0 run(s), 0 hit(s), 0 error(s), 1 left on base; Montgomery 3 - Santa Fe 0 |
TOP OF THE 4TH |
Montgomery Biscuits batting - Pitching for Santa Fe Diablos : RHP Clarence Allen
|
Batting: RHB Larry Mitchell
|
0-0: Ball 1-0: Ball 2-0: SINGLE (Flyball, 7LS)
|
Batting: RHB Collin Smith
|
0-0: Ball 1-0: Swinging Strike 1-1: Fly out, F9 (Line Drive, 9M)
|
Batting: RHB Gabriel Miranda
|
0-0: Ball 1-0: Grounds into double play, 4-6-3 (Groundball, 4)
|
Top of the 4th over - 0 run(s), 1 hit(s), 0 error(s), 0 left on base; Montgomery 3 - Santa Fe 0 |
BOTTOM OF THE 4TH |
Santa Fe Diablos batting - Pitching for Montgomery Biscuits : RHP César Morín
|
Batting: SHB António Hernández
|
0-0: Called Strike 0-1: Ball 1-1: Ball 2-1: Ball 3-1: Base on Balls
|
Batting: RHB Carl Martin
|
0-0: Ball 1-0: Ball 2-0: Ball 3-0: Called Strike 3-1: Base on Balls António Hernández to second
|
Batting: RHB Júlio López
|
0-0: Ball 1-0: Fly out, F3 (Line Drive, 3) 1-0: Lined into DP, U3 (Line Drive, 3)
|
Batting: LHB Don Soper
|
0-0: Ground out 4-3 (Groundball, 34)
|
Bottom of the 4th over - 0 run(s), 0 hit(s), 0 error(s), 1 left on base; Montgomery 3 - Santa Fe 0 |
TOP OF THE 5TH |
Montgomery Biscuits batting - Pitching for Santa Fe Diablos : RHP Clarence Allen
|
Batting: RHB Manny Sánchez
|
0-0: Ball 1-0: Ball 2-0: Ball 3-0: Called Strike 3-1: Base on Balls
|
Batting: SHB Andrew Curran
|
0-0: SINGLE (Groundball, 13) (infield hit) Manny Sánchez to second
|
Batting: RHB Pete Smith
|
0-0: Ball 1-0: Called Strike 1-1: Ball 2-1: Grounds into double play, 5-4-3 (Groundball, 56) Manny Sánchez to third
|
Batting: RHB Jean-Paul St-Pierre
|
0-0: Called Strike 0-1: Called Strike 0-2: Strikes out swinging
|
Top of the 5th over - 0 run(s), 1 hit(s), 0 error(s), 1 left on base; Montgomery 3 - Santa Fe 0 |
BOTTOM OF THE 5TH |
Santa Fe Diablos batting - Pitching for Montgomery Biscuits : RHP César Morín
|
Batting: RHB Richard Wilkins
|
0-0: Ground out 4-3 (Groundball, 4S)
|
Batting: RHB Jorge Rodríguez
|
0-0: Called Strike 0-1: Called Strike 0-2: Ball 1-2: Ball 2-2: Strikes out looking
|
Batting: RHB Emílio Bruno
|
0-0: Ground out 6-3 (Groundball, 6)
|
Bottom of the 5th over - 0 run(s), 0 hit(s), 0 error(s), 0 left on base; Montgomery 3 - Santa Fe 0 |
TOP OF THE 6TH |
Montgomery Biscuits batting - Pitching for Santa Fe Diablos : RHP Clarence Allen
|
Batting: RHB Vicente Carona
|
0-0: Ball 1-0: Foul Ball, location: 2F 1-1: Foul Ball, location: 2F 1-2: Foul Ball, location: 2F 1-2: Ground out 6-3 (Groundball, 6M)
|
Batting: RHB Dave Williams
|
0-0: Ball 1-0: Called Strike 1-1: Foul Ball, location: 2F 1-2: Ball 2-2: Strikes out swinging
|
Batting: RHB Larry Mitchell
|
0-0: SINGLE (Flyball, 89M)
|
Batting: RHB Collin Smith
|
0-0: Ball 1-0: Ball 2-0: Fly out, F4 (Line Drive, 4)
|
Top of the 6th over - 0 run(s), 1 hit(s), 0 error(s), 1 left on base; Montgomery 3 - Santa Fe 0 |
BOTTOM OF THE 6TH |
Santa Fe Diablos batting - Pitching for Montgomery Biscuits : RHP César Morín
|
Batting: RHB Robinson Pacheco
|
0-0: Foul Ball, location: 2F 0-1: Ball 1-1: Ball 2-1: Foul Ball, location: 2F 2-2: Foul Ball, location: 2F 2-2: Ground out 5-3 (Groundball, 56S)
|
Batting: RHB Wallace Greene
|
0-0: Ground out 6-3 (Groundball, 6)
|
Batting: SHB António Hernández
|
0-0: Ball 1-0: Swinging Strike 1-1: Ball 2-1: Called Strike 2-2: DOUBLE (Flyball, 8RXD)
|
Batting: RHB Carl Martin
|
0-0: Called Strike 0-1: SINGLE (Flyball, 89S) António Hernández to third Runner from 3rd tries for Home, SAFE, no throw or cutoff
|
Batting: RHB Júlio López
|
0-0: Swinging Strike 0-1: Ball 1-1: Called Strike 1-2: Ball 2-2: Foul Ball, location: 2F 2-2: Ball 3-2: Ground out 1-3 (Groundball, 23)
|
Bottom of the 6th over - 1 run(s), 2 hit(s), 0 error(s), 1 left on base; Montgomery 3 - Santa Fe 1 |
TOP OF THE 7TH |
Montgomery Biscuits batting - Pitching for Santa Fe Diablos : RHP Clarence Allen
|
Pitching: RHP Raúl Gómez
|
|
Batting: RHB Gabriel Miranda
|
0-0: Foul Ball, location: 2F 0-1: Ball 1-1: Foul Ball, location: 2F 1-2: Ground out 6-3 (Groundball, 6MS)
|
Batting: RHB Manny Sánchez
|
0-0: SINGLE (Flyball, 8RS)
|
Batting: SHB Andrew Curran
|
0-0: Called Strike 0-1: Ball Wild Pitch! Manny Sánchez to second 1-1: Foul Ball, location: 2F 1-2: Ball 2-2: Ball 3-2: Strikes out swinging
|
Batting: RHB Pete Smith
|
0-0: Called Strike 0-1: Ball 1-1: Foul Ball, location: 2F 1-2: Ball 2-2: Ball 3-2: Strikes out swinging
|
Top of the 7th over - 0 run(s), 1 hit(s), 0 error(s), 1 left on base; Montgomery 3 - Santa Fe 1 |
BOTTOM OF THE 7TH |
Santa Fe Diablos batting - Pitching for Montgomery Biscuits : RHP César Morín
|
Batting: LHB Don Soper
|
0-0: Swinging Strike 0-1: Foul Ball, location: 2F 0-2: Strikes out swinging
|
Batting: RHB Richard Wilkins
|
0-0: Ball 1-0: Swinging Strike 1-1: Called Strike 1-2: Ball 2-2: Ball 3-2: Strikes out swinging
|
Batting: RHB Jorge Rodríguez
|
0-0: Ball 1-0: SOLO HOME RUN (Line Drive, 8LXD), Distance : 438 ft
|
Batting: RHB Emílio Bruno
|
0-0: Ball 1-0: Foul Ball, location: 2F 1-1: SINGLE (Line Drive, 34)
|
Pitching: RHP Pedro Valdés
|
|
Batting: RHB Robinson Pacheco
|
0-0: Ball Pickoff Throw to First - Error! E1 Emílio Bruno to second 1-0: Ball Wild Pitch! Emílio Bruno to third 2-0: Ball 3-0: Base on Balls
|
Batting: RHB Wallace Greene
|
0-0: Ball 1-0: Ball 2-0: Ball 3-0: Called Strike 3-1: Ground out 6-3 (Groundball, 6)
|
Bottom of the 7th over - 1 run(s), 2 hit(s), 1 error(s), 2 left on base; Montgomery 3 - Santa Fe 2 |
TOP OF THE 8TH |
Montgomery Biscuits batting - Pitching for Santa Fe Diablos : RHP Raúl Gómez
|
Batting: RHB Jean-Paul St-Pierre
|
0-0: Ground out 5-3 (Groundball, 15S)
|
Batting: RHB Vicente Carona
|
0-0: Ball 1-0: SINGLE (Groundball, 56)
|
Pinch Hitting: SHB Terry O'Farrell
|
0-0: Swinging Strike 0-1: DOUBLE (Line Drive, 8LXD) Vicente Carona to third
|
Batting: RHB Larry Mitchell
|
0-0: Intentional Walk
|
Pinch Hitting: RHB Dave Dawson
|
0-0: Ball 1-0: Ball 2-0: Ball 3-0: Base on Balls Vicente Carona scores Terry O'Farrell to third Larry Mitchell to second
|
Batting: RHB Gabriel Miranda
|
0-0: Ball 1-0: Ball 2-0: Ball 3-0: Called Strike 3-1: Base on Balls Terry O'Farrell scores Larry Mitchell to third Dave Dawson to second
|
Batting: RHB Manny Sánchez
|
0-0: Called Strike 0-1: Foul Ball, location: 2F 0-2: Ball 1-2: SINGLE (Groundball, 56) Larry Mitchell scores Dave Dawson to third Gabriel Miranda to second Runner from 3rd tries for Home, SAFE, throw made home Gabriel Miranda to third Manny Sánchez to second
|
Pitching: RHP Gerard Allen
|
|
Batting: SHB Andrew Curran
|
0-0: Foul Ball, location: 2F 0-1: Ground out 6-3 (Groundball, 6) Gabriel Miranda scores
|
Batting: RHB Pete Smith
|
0-0: Ball 1-0: Ball 2-0: Foul Ball, location: 2F 2-1: Ball 3-1: Base on Balls
|
Batting: RHB Jean-Paul St-Pierre
|
0-0: SINGLE (Line Drive, 9S) Manny Sánchez to third Pete Smith to second Runner from 3rd tries for Home, SAFE, no throw or cutoff
|
Batting: RHB Vicente Carona
|
0-0: Called Strike 0-1: Foul Ball, location: 2F 0-2: Ground out 5-3 (Groundball, 5S)
|
Top of the 8th over - 6 run(s), 4 hit(s), 0 error(s), 2 left on base; Montgomery 9 - Santa Fe 2 |
BOTTOM OF THE 8TH |
Santa Fe Diablos batting - Pitching for Montgomery Biscuits : RHP Pedro Valdés
|
Now at SS: Dave Dawson
|
|
Now in LF: Juan Díaz
|
|
Batting: SHB António Hernández
|
0-0: Ground out 5-3 (Groundball, 5)
|
Batting: RHB Carl Martin
|
0-0: Ball 1-0: Foul Ball, location: 2F 1-1: Ball 2-1: Foul Ball, location: 2F 2-2: Foul Ball, location: 2F 2-2: Foul Ball, location: 2F 2-2: Strikes out swinging
|
Batting: RHB Júlio López
|
0-0: Ball 1-0: Ball 2-0: Called Strike 2-1: Fly out, F7 (Flyball, 78M)
|
Bottom of the 8th over - 0 run(s), 0 hit(s), 0 error(s), 0 left on base; Montgomery 9 - Santa Fe 2 |
TOP OF THE 9TH |
Montgomery Biscuits batting - Pitching for Santa Fe Diablos : RHP Gerard Allen
|
Batting: RHB Juan Díaz
|
0-0: SINGLE (Groundball, 4MD) (infield hit)
|
Batting: RHB Larry Mitchell
|
0-0: Ball 1-0: Bunted foul 1-1: Bunted foul 1-2: Foul Ball, location: 2F 1-2: Ball 2-2: Ball 3-2: DOUBLE (Line Drive, 89XD) Juan Díaz to third Juan Díaz scores
|
Batting: RHB Dave Dawson
|
0-0: Ball 1-0: Ball 2-0: Swinging Strike 2-1: DOUBLE (Line Drive, 9LS) Larry Mitchell scores
|
Batting: RHB Gabriel Miranda
|
0-0: Ball 1-0: Ball 2-0: SINGLE (Groundball, 56D) Dave Dawson to third Runner from 3rd tries for Home, SAFE, no throw or cutoff
|
Batting: RHB Manny Sánchez
|
0-0: Ball 1-0: Bunted foul 1-1: Sac Bunt - play at second, runner OUT -> throw to first, DP!
|
Batting: SHB Andrew Curran
|
0-0: Ball 1-0: Ball 2-0: Called Strike 2-1: Ball 3-1: Base on Balls
|
Batting: RHB Pete Smith
|
0-0: Swinging Strike 0-1: Foul Ball, location: 2F 0-2: Foul Ball, location: 2F 0-2: Strikes out swinging
|
Top of the 9th over - 3 run(s), 4 hit(s), 0 error(s), 1 left on base; Montgomery 12 - Santa Fe 2 |
BOTTOM OF THE 9TH |
Santa Fe Diablos batting - Pitching for Montgomery Biscuits : RHP Pedro Valdés
|
Batting: LHB Don Soper
|
0-0: Fly out, F9 (Line Drive, 89M)
|
Batting: RHB Richard Wilkins
|
0-0: Ball 1-0: Ball 2-0: Ball 3-0: Called Strike 3-1: Swinging Strike 3-2: Base on Balls
|
Batting: RHB Jorge Rodríguez
|
0-0: SINGLE (Line Drive, 4D) Richard Wilkins to second
|
Batting: RHB Emílio Bruno
|
0-0: Called Strike 0-1: Ball 1-1: Foul Ball, location: 2F 1-2: Foul Ball, location: 2F 1-2: Ball 2-2: Foul Ball, location: 2F 2-2: Grounds into double play, 6-4-3 (Groundball, 6M)
|
Bottom of the 9th over - 0 run(s), 1 hit(s), 0 error(s), 1 left on base; Montgomery 12 - Santa Fe 2 |
|